 Dungeon Crawl Stone Soup version 0.29.1-2-gbd0b4ee654 (webtiles) character file.

Game seed: 6630445269928147287

325 GorkyZ the Shield-Bearer (level 6, -5/48 HPs)
             Began as a Formicid Fighter on Nov 20, 2022.
             Slain by an orc
             ... wielding a +0 flail
              (7 damage)
             ... on level 4 of the Dungeon.
             The game lasted 00:08:43 (3282 turns).

GorkyZ the Shield-Bearer (Formicid Fighter)         Turns: 3282, Time: 00:08:44

Health: -5/48      AC:  7    Str: 23    XL:     6   Next: 78%
Magic:  6/6        EV:  9    Int:  7    God:
Gold:   200        SH:  6    Dex: 19    Spells: 5/5 levels left

rFire   . . .      SeeInvis +   a - +0 war axe
rCold   . . .      Faith    .   c - +0 buckler
rNeg    . . .      Spirit   .   b - +0 scale mail
rPois   .          Reflect  .   (helmet unavailable)
rElec   .          Harm     .   (no cloak)
rCorr   .          Rampage  .   (no gloves)
Will    .....                   (no boots)
Stlth   ..........              (no amulet)
HPRegen 0.16/turn               w - +6 ring of dexterity
MPRegen 0.10/turn               (no ring)

@: lethally poisoned (-5 -> -11)
A: permanent stasis, dig shafts and tunnels, antennae 3, four strong arms
a: Dig, Shaft Self


You were on level 4 of the Dungeon.
You visited 2 branches of the dungeon, and saw 5 of its levels.

You collected 200 gold pieces.

Inventory:

Hand Weapons
 a - a +0 war axe (weapon)
Armour
 b - a +0 scale mail (worn)
 c - a +0 buckler (worn)
Jewellery
 h - a ring of protection from cold
 s - a ring of fire
 w - a +6 ring of dexterity (left hand)
Scrolls
 e - a scroll of blinking {unknown}
 i - 5 scrolls of identify {unknown}
 m - 2 scrolls of summoning {unknown}
 o - a scroll of noise {unknown}
 q - a scroll of teleportation {unknown}
 r - a scroll of fog {unknown}
 t - 2 scrolls of poison {unknown}
 v - a scroll of enchant weapon {unknown}
Potions
 d - 3 potions of might
 g - 6 potions of cancellation {unknown}
 j - a potion of ambrosia {unknown}
 k - 2 potions of degeneration {unknown}
 l - 2 potions of brilliance {unknown}
 n - a potion of flight {unknown}
 p - a potion of curing {unknown}
 u - a potion of lignification {unknown}


   Skills:
 + Level 4.3 Fighting
 + Level 3.1 Axes
 + Level 2.1 Throwing
 + Level 4.4 Armour
 + Level 5.3 Shields
 + Level 2.5 Evocations


You had 5 spell levels left.
You didn't know any spells.
Your spell library contained the following spells:

 Spells                   Type           Power      Damage    Failure   Level
 Ensorcelled Hibernation  Hex/Ice        0%         N/A       90%         2
 Spider Form              Tmut/Pois      0%         N/A       99%         3
 Anguish                  Hex/Necr       0%         N/A       100%        4


Dungeon Overview and Level Annotations

Branches:
Dungeon (4/15)             Temple (1/1) D:4

Altars:
Cheibriados
Dithmenos
Fedhas
Gozag
Hepliaklqana
Ru
Zin
The Shining One


Innate Abilities, Weirdness & Mutations

You cannot be hasted, slowed, berserked, paralysed or teleported.
You can dig through walls and to a lower floor.
You have a pair of large antennae on your head. (SInv)
Your four strong arms can wield two-handed weapons with a shield.


Message History

The hobgoblin hits you.
There is a large open door here.
You slash the hobgoblin!
You kill the hobgoblin!
An iguana comes into view.
A scorpion comes into view.
An orc comes into view. It is wielding a +0 flail.
You barely miss the iguana. The iguana bites you! x2
You barely miss the iguana. The iguana barely misses you.
You hit the scorpion.
The scorpion is lightly wounded.
You hit the iguana. The scorpion stings you.
An endoplasm comes into view.
You block the iguana's attack.
A giant cockroach comes into view.
You closely miss the iguana.
The iguana is lightly wounded.
The endoplasm quivers.
You slash the scorpion!
The scorpion stings you but does no damage.
The iguana bites you but does no damage.
You block the scorpion's attack. The iguana bites you!
* * * LOW HITPOINT WARNING * * *
The orc attacks as you move away! The orc hits you with a +0 flail.
* * * LOW HITPOINT WARNING * * *
You see here a hobgoblin corpse.
The scorpion stings you.
* * * LOW HITPOINT WARNING * * *
There is a large open door, spattered with blood here.
The scorpion attacks as you move away! The scorpion misses you.
The orc attacks as you move away! You block the orc's attack.
The scorpion stings you.
* * * LOW HITPOINT WARNING * * *
You are lethally poisoned!
The scorpion poisons you!
It was a potion of magic.
Magic courses through your body.
* * * LOW HITPOINT WARNING * * *
You feel sick. You block the scorpion's attack. The orc barely misses you.
The orc attacks as you move away! The orc hits you with a +0 flail!
You die...

##### #.##.#### #.##...
#...###.......# #.##...
#..........##.#####.##...
####...###.#####............
#...........# ##...........
#.###.>###.># #.###..###..
#.# #..# #..# #.# #.## #..
#.# #..# #..# #.# #.# #..
#.# #..# #.@# #.# #.# ##.#
#.###..###os## #.# #.###...
#......##..lJ####.# #.....#.
#.######...B..##..# #####...
#.....#..#$$#..#..########.#
#.###.#..$##$..#...........#
#.# #..$ $..#..##########
#.## #..# #..#### #.<# ##.
.## {


You could see a scorpion, an iguana, an orc, an endoplasm and a giant cockroach.

Vanquished Creatures
  An ogre (D:3)
  A hound (D:4)
  A jelly (D:4)
  An orc priest (D:4)
  An orc wizard (D:4)
  5 adders
  A worm (D:2)
  7 orcs
  7 ball pythons
  8 endoplasms
  2 giant cockroaches
  7 goblins
  8 hobgoblins
  3 jackals (D:1)
  3 quokkas
  5 bats
  A frilled lizard (D:3)
  10 kobolds
  4 rats
76 creatures vanquished.

Notes
Turn   | Place    | Note
-------+----------+-------------------------------------------
     0 | D:1      | GorkyZ the Formicid Fighter began the quest for the Orb.
     0 | D:1      | Reached XP level 1. HP: 18/18 MP: 1/1
   252 | D:1      | Reached XP level 2. HP: 22/24 MP: 2/2
   584 | D:1      | Reached skill level 1 in Evocations
   584 | D:1      | Reached XP level 3. HP: 29/29 MP: 3/3
   683 | D:1      | Found a faded altar of an unknown god.
  1298 | D:2      | Reached XP level 4. HP: 37/37 MP: 4/4
  1319 | D:2      | Reached skill level 1 in Throwing
  1394 | D:2      | Found a sacrificial altar of Ru.
  1748 | D:3      | Found a glowing golden altar of the Shining One.
  1748 | D:3      | Noticed an ogre
  1783 | D:3      | Killed an ogre
  1784 | D:3      | Reached XP level 5. HP: 39/42 MP: 5/5
  2338 | D:3      | Found a sacrificial altar of Ru.
  2464 | D:4      | Found a staircase to the Ecumenical Temple.
  2486 | Temple   | Entered the Ecumenical Temple
  2611 | D:4      | Reached skill level 5 in Shields
  2611 | D:4      | Reached XP level 6. HP: 48/48 MP: 6/6
  3281 | D:4      | HP: 2/48 [poisoned by a scorpion]
  3282 | D:4      | Slain by an orc

Illustrated notes

Levels and vault maps discovered:
D:1:      ncdulo_wetmaze, layout_basic, shapermc_ecumenical_altar_ellora
D:2:      layout_loops_ring, basic_altar
D:3:      layout_loops_ring, grunt_temple_overflow_open,
          chequers_serial_rivers_marsh
D:4:      minmay_polygon_palace, layout_loops_ring,
          minmay_temple_entry_crystal_x, grunt_decor_arrowhead
Temple:   hellmonk_temple_of_storms

Skill      XL: |  1  2  3  4  5  6 |
---------------+-------------------+-----
Evocations     | 1 2 |  2.5
Throwing       | 1 2 |  2.1
Fighting       | 4 |  4.3
Armour         | 4 |  4.4
Shields        | 5 |  5.3
Axes           | 3 |  3.1

Action                   |  1- 3 |  4- 6 || total
-------------------------+-------+-------++-------
Melee: War axe           |    80 |   132 ||   212
  Use: Potion            |     1 |     1 ||     2
Armor: Scale mail        |    50 |    52 ||   102
Dodge: Dodged            |    43 |    64 ||   107
Block: Buckler           |    26 |    41 ||    67
